Map: 2000 Atmospheres LE

Players

Nina

  • Race: Protoss Protoss
  • League: Grandmaster

PureLegacy - Winner!

  • Race: Terran Terran

Event: DreamHack SC2 Masters 2021 Summer

VOD

Have the link to the VOD?

Description

Time

  • Played on: May 27, 2021, 4:15 p.m.
  • Length: 14:20

All games in this series

Show
View Real Time Build Order
Export as new Build Order

Nina Protoss 

Build Orders: 1 Gate Expand, Colossus Rush 

Get SALT Encoding   

  12  0:00  Probe  
  13  0:12  Probe  
  14  0:18  Pylon  
  14  0:24  Probe  
  15  0:36  Probe (Chrono Boost)  
  15  0:39  Gateway  
  16  0:48  Probe (Chrono Boost)  
  16  0:49  Assimilator  
  17  0:52  Probe (Chrono Boost)  
  18  1:03  Probe  
  19  1:15  Probe  
  20  1:27  Cybernetics Core  
  20  1:37  Nexus  
  20  1:42  Pylon  
  20  1:45  Probe  
  21  1:55  Assimilator  
  21  1:57  Probe  
  21  2:01  Stalker (Chrono Boost)  
  22  2:04  Warp Gate  
  24  2:10  Probe  
  25  2:22  Probe  
  26  2:23  Stalker  
  27  2:34  Probe (Chrono Boost)  
  28  2:45  Robotics Facility  
  28  2:46  Probe (Chrono Boost)  
  30  2:52  Probe (Chrono Boost)  
  30  2:53  Adept  
  30  2:55  Probe (Chrono Boost)  
  34  2:59  Probe (Chrono Boost)  
  34  3:02  Probe (Chrono Boost)  
  34  3:04  Probe (Chrono Boost)  
  35  3:09  Gateway  
  36  3:14  Probe (Chrono Boost)  
  36  3:16  Probe (Chrono Boost)  
  38  3:21  Pylon  
  38  3:24  Sentry  
  42  3:28  Probe (Chrono Boost)  
  42  3:30  Probe (Chrono Boost), Shield Battery  
  42  3:33  Probe (Chrono Boost), Observer  
  43  3:37  Probe  
  43  3:40  Assimilator  
  45  3:43  Probe  
  46  3:49  Probe  
  46  3:51  Robotics Bay  
  46  3:55  Probe  
  45  4:03  Probe  
  45  4:06  Warp Prism (Chrono Boost)  
  45  4:07  Probe  
  49  4:11  Observer  
  49  4:12  Assimilator  
  49  4:15  Probe  
  50  4:17  Pylon  
  50  4:19  Probe  
  50  4:22  Stalker  
  53  4:27  Probe, Pylon  
  54  4:35  Probe, Stalker  
  57  4:46  Stalker  
  57  4:52  Probe x2  
  57  4:56  Disruptor (Chrono Boost)  
  56  5:00  Gravitic Drive  
  56  5:04  Probe (Chrono Boost)  
  58  5:07  Probe (Chrono Boost)  
  58  5:08  Observer  
  58  5:16  Probe (Chrono Boost), Nexus  
  58  5:18  Sentry  
  62  5:21  Probe (Chrono Boost), Pylon  
  62  5:22  Sentry  
  62  5:24  Probe (Chrono Boost)  
  65  5:29  Probe  
  65  5:33  Twilight Council  
  65  5:34  Probe  
  65  5:40  Colossus (Chrono Boost)  
  65  5:47  Zealot  
  73  5:52  Zealot  
  73  5:56  Probe, Pylon  
  76  6:00  Probe  
  77  6:06  Forge  
  77  6:08  Probe  
  77  6:09  Gateway  
  78  6:12  Charge  
  78  6:20  Zealot x2  
  78  6:21  Probe  
  78  6:24  Probe  
  84  6:26  Extended Thermal Lance  
  84  6:34  Colossus (Chrono Boost)  
  84  6:38  Probe  
  91  6:40  Probe (Chrono Boost)  
  93  6:49  Shield Battery  
  93  6:50  Probe x2 (Chrono Boost), Protoss Ground Weapons Level 1 (Chrono Boost)  
  93  6:52  Probe (Chrono Boost)  
  95  7:00  Probe x2 (Chrono Boost), Gateway  
  98  7:05  Probe (Chrono Boost)  
  98  7:07  Gateway  
  98  7:08  Gateway  
  98  7:09  Probe  
  98  7:14  Probe  
  100  7:18  Observer  
  101  7:22  Pylon  
  101  7:23  Pylon  
  101  7:24  Pylon  
  101  7:25  Observer  
  101  7:29  Pylon  
  101  7:32  Photon Cannon  
  101  7:34  Pylon  
  101  7:40  Probe x2  
  102  7:45  Probe  
  102  7:48  Gateway  
  102  7:49  Stalker x3  
  109  7:51  Pylon  
  109  7:53  Probe  
  108  8:09  Zealot x3  
  108  8:11  Blink (Chrono Boost), Assimilator  
  116  8:14  Assimilator  
  116  8:18  Probe, Stalker x2  
  117  8:23  Probe, Stalker  
  117  8:25  Probe  
  117  8:30  Probe  
  110  8:35  Probe, Zealot x2  
  110  8:36  Zealot  
  110  8:37  Probe  
  110  8:40  Colossus (Chrono Boost)  
  116  8:42  Zealot  
  116  8:43  Zealot  
  116  8:45  Probe  
  116  8:47  Probe  
  126  8:49  Probe  
  126  8:52  Protoss Ground Armor Level 1  
  127  9:08  Pylon  
  127  9:09  Nexus  
  127  9:10  Zealot x3  
  133  9:18  Zealot x3  
  133  9:22  Probe  
  139  9:28  Observer  
  136  9:41  Shield Battery  
  136  9:43  Zealot x4  
  144  9:50  Pylon  
  144  9:53  Probe, Photon Cannon  
  144  9:56  Pylon  
  144  9:57  Templar Archives, Pylon  
  144  9:58  Forge  
  145  10:00  Gateway  
  145  10:02  Gateway  
  145  10:07  Probe x3  
  145  10:10  Observer (Chrono Boost)  
  145  10:12  Robotics Facility  
  149  10:19  Probe x3  
  149  10:21  Stalker  
  154  10:22  Stalker  
  154  10:26  Zealot  
  158  10:29  Zealot  
  158  10:30  Zealot  
  158  10:31  Probe x2  
  161  10:38  Zealot x2  
  152  10:43  Probe  
  152  10:45  Zealot x2  
  145  10:55  Probe  
  111  10:59  Stalker x5  
  111  11:00  Zealot x2  
  103  11:06  Zealot x2  
  103  11:08  Probe, Disruptor  
  103  11:20  Disruptor  
  103  11:22  Probe  
  103  11:23  Probe  
  108  11:27  High Templar x9  
  108  11:28  Probe  
  108  11:31  Archon x4  
  127  11:34  Probe  
  127  11:39  Probe  
  129  11:40  Shield Battery  
  129  11:41  Observer  
  127  11:48  Forge  
  127  11:51  Nexus  
  127  11:52  Disruptor  
  130  11:57  Probe  
  130  11:59  Colossus  
  137  12:04  Pylon  
  137  12:05  High Templar  
  137  12:07  Zealot x4  
  147  12:13  Archon  
  147  12:14  Probe  
  148  12:18  High Templar x2, Assimilator  
  148  12:20  Assimilator  
  152  12:27  Archon  
  152  12:29  Zealot x3  
  151  12:38  Disruptor  
  142  12:45  Stalker x3  
  142  12:51  Stalker x2  
  146  12:58  Zealot x2  
  149  13:02  Disruptor  
  141  13:06  Probe  
  141  13:08  Probe  
  141  13:12  Stalker x3  
  147  13:18  Probe  
  146  13:22  Pylon  
  146  13:23  Probe  
  146  13:25  Disruptor  
  146  13:26  Probe  
  147  13:29  Probe  
  147  13:30  Probe  
  147  13:32  Stalker x2  
  147  13:34  Pylon  
  151  13:37  Zealot x2  
  136  13:47  Zealot x2  
  107  13:59  Stalker x2  
  95  14:06  Zealot x3  
  94  14:10  Stalker x2  
Show
View Real Time Build Order
Export as new Build Order

PureLegacy Terran - Winner!

Build Orders: Hellion Opening, Reaper Expand 

Get SALT Encoding   

  12  0:00  SCV  
  13  0:13  SCV  
  14  0:17  Supply Depot  
  14  0:25  SCV  
  15  0:38  SCV  
  15  0:40  Barracks  
  16  0:44  Refinery  
  16  0:50  SCV  
  17  1:02  SCV  
  18  1:14  SCV  
  19  1:27  Orbital Command, Reaper  
  20  1:48  Command Center  
  20  1:52  SCV  
  21  1:56  Supply Depot  
  21  1:59  Marine  
  22  2:05  SCV  
  22  2:08  Factory  
  23  2:17  SCV  
  23  2:21  Bunker  
  24  2:23  Barracks Reactor  
  24  2:28  Refinery  
  25  2:30  SCV  
  25  2:42  SCV  
  26  2:54  SCV  
  26  2:57  Starport  
  27  3:00  Orbital Command  
  27  3:04  Hellion x2  
  31  3:06  SCV  
  31  3:10  Barracks Tech Lab  
  32  3:18  SCV  
  33  3:25  Hellion x2  
  33  3:26  SCV  
  33  3:27  Supply Depot  
  38  3:31  SCV  
  38  3:33  Medivac  
  41  3:38  SCV  
  42  3:44  SCV  
  42  3:47  Hellion  
  47  3:48  Hellion  
  47  3:49  Supply Depot  
  47  3:51  SCV  
  46  4:01  SCV  
  45  4:03  SCV  
  45  4:05  Starport Tech Lab  
  45  4:13  SCV, Marine x2  
  45  4:15  SCV, Supply Depot  
  49  4:19  Barracks  
  49  4:21  Barracks  
  49  4:23  Raven  
  51  4:25  SCV  
  51  4:26  Siege Tank  
  51  4:27  SCV  
  56  4:32  Refinery  
  56  4:36  Marine x2  
  56  4:37  SCV  
  59  4:39  SCV, Engineering Bay  
  58  4:49  SCV  
  57  4:54  Marine x2  
  57  4:56  SCV  
  57  5:01  SCV  
  57  5:05  Refinery, Terran Infantry Weapons Level 1  
  57  5:07  Supply Depot  
  55  5:08  SCV  
  55  5:12  Factory Reactor  
  55  5:13  Marine  
  55  5:14  Marine x2  
  58  5:16  SCV  
  58  5:17  Marine  
  58  5:18  Stimpack  
  58  5:20  SCV  
  62  5:22  Starport Reactor  
  62  5:33  SCV x2  
  62  5:34  Marine x2, Supply Depot  
  62  5:35  Combat Shield  
  65  5:36  Marauder x2  
  65  5:41  Command Center  
  69  5:46  SCV x2  
  69  5:49  Widow Mine x2  
  75  5:54  Marine, Supply Depot  
  75  5:55  Marine  
  75  5:56  Supply Depot  
  77  6:03  Medivac, Viking  
  81  6:05  SCV  
  81  6:06  SCV  
  81  6:10  Missile Turret  
  83  6:16  Marine x2  
  83  6:17  SCV, Marauder x2  
  90  6:19  SCV  
  91  6:29  Supply Depot  
  91  6:34  Medivac  
  91  6:35  Medivac  
  91  6:37  Missile Turret  
  91  6:38  Marine x2  
  97  6:40  Marauder x2  
  86  6:49  SCV x2  
  86  6:53  Barracks  
  88  6:55  Barracks  
  88  6:58  Concussive Shells  
  88  6:59  Supply Depot  
  88  7:01  Marauder  
  88  7:02  SCV, Marauder  
  88  7:05  Marine x2  
  95  7:10  SCV  
  94  7:23  Terran Infantry Armor Level 1, Marauder x2, Orbital Command  
  94  7:26  SCV x2  
  100  7:31  Marine x2  
  100  7:33  Medivac x2  
  100  7:34  Supply Depot  
  106  7:38  SCV  
  106  7:42  SCV  
  108  7:44  Marauder x2  
  108  7:45  Barracks Reactor, Barracks Tech Lab  
  108  7:50  SCV  
  113  7:52  Marine x2  
  113  7:53  SCV  
  113  7:54  SCV  
  113  7:56  Refinery x2  
  117  8:06  Marauder x2  
  117  8:07  Marauder  
  117  8:09  SCV, Marine  
  117  8:10  SCV x2, Marine  
  117  8:11  Viking x2  
  130  8:14  Starport  
  130  8:16  Supply Depot  
  130  8:22  SCV x2  
  132  8:27  Marauder x2  
  132  8:29  Marauder  
  123  8:37  Marine x2  
  123  8:38  Marine x2  
  123  8:41  Viking x2  
  121  8:45  Supply Depot  
  125  8:48  Marauder x2  
  125  8:50  Marauder  
  125  8:51  Ghost Academy  
  125  8:52  Armory, Viking x2  
  125  8:53  Engineering Bay  
  133  9:03  Marine x4  
  133  9:07  Missile Turret  
  133  9:09  Missile Turret x2  
  141  9:10  Marauder x2  
  141  9:12  Marauder  
  139  9:31  Marine x4  
  132  9:33  Viking x2, Medivac x2  
  146  9:38  Sensor Tower  
  146  9:42  Terran Infantry Armor Level 2, Terran Infantry Weapons Level 2, Ghost x2  
  146  9:45  Supply Depot  
  144  9:46  Supply Depot  
  144  9:57  Command Center  
  144  10:04  Marauder  
  144  10:06  Viking x4  
  153  10:15  Marauder x2  
  153  10:17  Marine  
  153  10:18  Marine x3  
  161  10:21  Supply Depot  
  158  10:37  Marauder x2  
  158  10:39  Marine  
  158  10:40  Marine  
  158  10:41  Marine  
  158  10:42  Marauder, Marine  
  130  10:57  Marine  
  130  10:58  Marauder x2, Marine  
  130  11:00  Marine x2  
  130  11:04  Marauder  
  134  11:10  Barracks  
  134  11:11  Barracks, Fusion Core  
  134  11:12  Barracks  
  134  11:15  Marine x2  
  134  11:18  SCV x3, Marine x2, Planetary Fortress  
  133  11:20  Marauder x2  
  133  11:23  Liberator, Medivac x2  
  133  11:24  Liberator  
  139  11:26  Terran Ship Weapons Level 1  
  139  11:30  Marine, Missile Turret  
  139  11:32  SCV x3  
  143  11:38  Marine x3, Sensor Tower  
  143  11:39  Marine  
  147  11:41  Ghost  
  147  11:51  Ghost, Marine  
  147  11:53  Liberator  
  153  11:54  SCV x3  
  153  11:55  Refinery  
  153  11:56  Refinery  
  153  11:58  Advanced Ballistics  
  153  11:59  Barracks Tech Lab x3  
  156  12:03  Marine x4  
  156  12:06  SCV  
  161  12:13  Marine x2  
  163  12:19  Command Center  
  163  12:20  Marine  
  163  12:21  Marine  
  163  12:22  Marauder x2, Marine x3  
  169  12:25  Marine  
  173  12:31  Marauder, Marine  
  176  12:38  Marine x2  
  176  12:40  Marine  
  176  12:43  Marauder  
  170  12:44  Marine x3  
  170  12:45  Marauder  
  170  12:51  Marine  
  174  12:53  Marauder  
  174  12:55  Marine  
  174  12:56  Marine  
  173  13:00  Marine  
  173  13:03  Marauder, Marine x2  
  173  13:04  Marauder  
  162  13:06  Marauder  
  162  13:08  Marine  
  162  13:10  Medivac  
  161  13:13  Marine  
  161  13:14  Marauder, Marine  
  161  13:15  Liberator  
  161  13:16  Liberator  
  161  13:18  Marine  
  168  13:22  Marine x2  
  168  13:24  Marauder  
  168  13:26  Marauder, Marine  
  161  13:27  Marine  
  161  13:32  Marauder, Marine  
  165  13:36  Marauder  
  165  13:43  Marine  
  165  13:45  Marauder  
  165  13:47  Marine  
  165  13:48  Marauder  
  159  13:49  Marine x2  
  159  13:50  Marauder  
  159  13:51  Marine  
  159  13:53  Marauder  
  161  13:56  Marine  
  161  14:01  Marine  
Tags
 
Add a new tag
Caveats
  • Supply blocks, unpowered buildings, or Contaminate may cause inaccurate times.
  • Supply counts are checked every 10 seconds.